 Dungeon Crawl Stone Soup version 0.27.1-2-g3b301248ec (webtiles) character file.

Game seed: 8037917859144418387

290 MajorAdolf the Sneak (level 6, -1/58 HPs)
             Began as a Naga Wanderer on Sept 29, 2021.
             Slain by a killer bee zombie (3 damage)
             ... on level 5 of the Dungeon.
             The game lasted 00:08:02 (7292 turns).

MajorAdolf the Sneak (Naga Wanderer)                Turns: 7292, Time: 00:08:02

Health: -1/58      AC:  3    Str: 14    XL:     6   Next: 32%
Magic:  6/6        EV:  9    Int: 12    God:
Gold:   208        SH:  5    Dex: 13    Spells: 5/5 levels left

rFire    . . .     SeeInvis +   e - +0 dagger
rCold    . . .     Faith    .   (no shield)
rNeg     . . .     Spirit   .   i - +0 robe
rPois    +         Reflect  +   (no helmet)
rElec    .         Harm     .   (no cloak)
rCorr    .         Rampage  .   (no gloves)
Will     .....                  (no barding)
Stlth    +++.......             o - amulet of reflection
HPRegen  0.19/turn              (no ring)
MPRegen  0.10/turn              (no ring)

@: very slow
A: AC +2, large, see invisible, deformed body, poison resistance, slowness 2,
spit poison 1, naga tail 1
a: Spit Poison


You were on level 5 of the Dungeon.
You visited 1 branch of the dungeon, and saw 5 of its levels.

You collected 208 gold pieces.

Inventory:

Hand Weapons
 e - a +0 dagger (weapon)
Missiles
 d - 14 javelins
 g - 40 poisoned darts (quivered)
 j - 14 sling bullets
 l - 58 stones
 s - 4 boomerangs
Armour
 b - a +2 scale mail
 i - a +0 robe (worn)
 u - a +0 cloak
Jewellery
 o - an amulet of reflection (around neck)
 t - an amulet of the acrobat
Scrolls
 a - 2 scrolls of noise {unknown}
 h - a scroll of blinking {unknown}
 k - 3 scrolls of identify {unknown}
 m - a scroll of immolation {unknown}
 p - a scroll of fear {unknown}
 r - a scroll of teleportation {unknown}
 v - a scroll of amnesia {unknown}
 w - a scroll of summoning {unknown}
Potions
 f - a potion of brilliance {unknown}
 n - a potion of invisibility {unknown}
 q - a potion of magic {unknown}
 x - a potion of flight {unknown}


   Skills:
 + Level 4.3 Fighting
 - Level 4.0 Maces & Flails
 - Level 1.5 Armour
 + Level 6.2 Stealth
 + Level 2.7 Evocations


You had 5 spell levels left.
You didn't know any spells.
Your spell library contained the following spells:

 Spells                   Type           Power      Damage    Failure   Level
 Slow                     Hex            0%         N/A       45%         2
 Confusing Touch          Hex            0%         N/A       69%         3
 Vampiric Draining        Necr           0%         2d6       69%         3


Dungeon Overview and Level Annotations

Branches:
Dungeon (5/15)
 Temple: D:4-7

Altars:
Hepliaklqana
Makhleb
Vehumet
Wu Jian
Yredelemnul

Shops:
D:4 *

Annotations:
D:2 exclusion: 3 gnolls
D:3 exclusion: ogre
D:4 exclusion: skeleton
D:5 exclusions: orc warrior, orc wizard and 3 yaks


Innate Abilities, Weirdness & Mutations

Your serpentine skin is tough. (AC +2)
You have supernaturally acute eyesight. (SInv)
Armour fits poorly on your strangely shaped body.
Your system is resistant to poisons. (rPois)
You cover ground very slowly.
You can spit poison.
You have a snake-like lower body.


Message History

The killer bee zombie barely misses you.
You closely miss the killer bee zombie.
The killer bee zombie is severely damaged.
You block the killer bee zombie's attack.
The killer bee zombie closely misses you.
You closely miss the killer bee zombie.
The killer bee zombie is severely damaged.
The killer bee zombie completely misses you.
The killer bee zombie hits you.
* * * LOW HITPOINT WARNING * * *
You closely miss the killer bee zombie.
The killer bee zombie is severely damaged.
The killer bee zombie closely misses you.
You hit the killer bee zombie but do no damage.
The killer bee zombie is severely damaged.
The killer bee zombie hits you.
* * * LOW HITPOINT WARNING * * *
The killer bee zombie hits you!
* * * LOW HITPOINT WARNING * * *
Unknown command.
You feel better. The killer bee zombie hits you!
* * * LOW HITPOINT WARNING * * *
The killer bee zombie hits you.
* * * LOW HITPOINT WARNING * * *
Unknown command.
You hit the killer bee zombie.
The killer bee zombie is almost destroyed.
The killer bee zombie barely misses you.
The killer bee zombie hits you.
* * * LOW HITPOINT WARNING * * *
Unknown command.
Okay, then.
You miss the killer bee zombie.
The killer bee zombie is almost destroyed.
The killer bee zombie hits you but does no damage.
The killer bee zombie barely misses you.
You hit the killer bee zombie but do no damage.
The killer bee zombie is almost destroyed.
The killer bee zombie hits you.
You die...

.#...##.<....##.##
#..........#.##..#
.##.####.###.###.#
# #.# #.# #.# #.#
#+# #.###)########
#............####
#####...........##
#....#.#......#
#...#..@Z.#=.....
#.....#.#.....#..
#..#.......#..#
#....#._.#....#
#..#.......#..
#.....#.#.....#
#...#.....#...#
....#.#.... .


You could see a killer bee zombie.

Vanquished Creatures
  A phantom (D:4)
  A centaur zombie (D:3)
  2 hounds (D:4)
  An iguana (D:3)
  A gnoll (D:4)
  An adder zombie (D:3)
  2 worms
  5 dart slugs
  11 ball pythons
  4 endoplasms
  A giant cockroach (D:2)
  8 goblins
  4 hobgoblins
  8 jackals
  2 quokkas
  4 bats
  A frilled lizard (D:1)
  6 kobolds
  5 rats
68 creatures vanquished.

Notes
Turn   | Place    | Note
-------+----------+-------------------------------------------
     0 | D:1      | MajorAdolf the Naga Wanderer began the quest for the Orb.
     0 | D:1      | MajorAdolf set off with the following items: a +0 mace, a
                  | +2 scale mail, a potion of curing
     0 | D:1      | Reached XP level 1. HP: 19/19 MP: 1/1
    70 | D:1      | Reached skill level 2 in Stealth
   383 | D:1      | Reached XP level 2. HP: 27/27 MP: 2/2
  1093 | D:1      | Reached skill level 3 in Stealth
  1250 | D:1      | Found a faded altar of an unknown god.
  1579 | D:1      | Reached XP level 3. HP: 22/33 MP: 3/3
  3002 | D:2      | Reached skill level 4 in Stealth
  4060 | D:3      | Reached XP level 4. HP: 32/42 MP: 4/4
  4483 | D:3      | Noticed an ogre
  4595 | D:3      | Found a hazy altar of Hepliaklqana.
  5213 | D:3      | Reached skill level 5 in Stealth
  5213 | D:3      | Reached XP level 5. HP: 14/50 MP: 5/5
  5542 | D:3      | Found a basalt altar of Yredelemnul.
  5625 | D:4      | Found Vonnanoh's Assorted Antiques.
  6167 | D:4      | Noticed a phantom
  6188 | D:4      | Killed a phantom
  6189 | D:4      | Reached skill level 6 in Stealth
  6189 | D:4      | Reached XP level 6. HP: 11/57 MP: 6/6
  6604 | D:4      | Found an ornate altar of the Wu Jian Council.
  6671 | D:4      | Found a burning altar of Makhleb.
  6959 | D:5      | Entered Level 5 of the Dungeon
  7043 | D:5      | Noticed a yak
  7087 | D:5      | Noticed a yak
  7087 | D:5      | Noticed a yak
  7148 | D:5      | Noticed an orc warrior
  7257 | D:5      | Found a radiant altar of Vehumet.
  7290 | D:5      | HP: 1/58 [killer bee zombie (4)]
  7292 | D:5      | Slain by a killer bee zombie

Illustrated notes

Levels and vault maps discovered:
D:1:      evilmike_arrival_crescent, layout_loops_ring,
          shapermc_ecumenical_altar_mp_highgroup
D:2:      layout_loops_corners
D:3:      layout_basic, lemuel_zombie_altar_yredelemnul,
          mainiacjoe_overflow_six_doors_small, corexii_leaking_fountain,
          minivault_23, minmay_misc_feat_rugged
D:4:      minmay_recursive_quarters, layout_basic, bloody_makhleb,
          nicolae_tso_swordbearing_angel, overflow_temple_1_default,
          serial_shops, shop, kennysheep_generic_room_6
D:5:      layout_loops_corners, nicolae_vehumet_radiance,
          minmay_temple_entry_from_below_a, serial_shops, shop

Skill      XL: |  1  2  3  4  5 |
---------------+----------------+-----
Stealth        | 2 3 4 5 6 |  6.2
Fighting       | 3 4 |  4.3
Evocations     | 2 |  2.7
Maces & Flails | |  4.0
Armour         | |  1.5

Action                   |  1- 3 |  4- 6 || total
-------------------------+-------+-------++-------
Melee: Dagger            |    49 |   121 ||   170
Throw: Dart              |     8 |     1 ||     9
 Abil: Spit Poison       |    34 |    29 ||    63
Evoke: Wand              |       |    10 ||    10
  Use: Potion            |       |     3 ||     3
 Stab: Sleeping          |     5 |       ||     5
Armor: Robe              |     5 |    34 ||    39
Dodge: Dodged            |    14 |    77 ||    91
Block: Other             |     3 |    39 ||    42
       Reflection        |       |     1 ||     1
